TL
MEMPHIS BLUES @ SAN ANTONIO MISSIONS
07/25/1982
 
TOP OF THE 1ST
Memphis Blues batting - Pitching for San Antonio Missions : RHP Roger Clemens
Pitching: RHP Roger Clemens
Batting: RHB Mariano Duncan 0-0: Ball
1-0: Bunted foul
1-1: Called Strike
1-2: Foul Ball, location: 2F
1-2: Ball
2-2: Ball
3-2: Single, Error in OF, E8, batter to second base (Groundball, 6D, EV 98.1 MPH)
Batting: RHB Augustine Garrett 0-0: Ball
1-0: Ball
2-0: Foul Ball, location: 2F
2-1: Swinging Strike
2-2: Ball
3-2: Foul Ball, location: 2F
3-2: Foul Ball, location: 2F
3-2: Base on Balls
Batting: LHB David Christianson 0-0: Swinging Strike
0-1: Ball
1-1: Ball
2-1: Called Strike
2-2: Foul Ball, location: 2F
2-2: Strikes out looking
Batting: RHB Chris James 0-0: Ball
1-0: Ball
2-0: Called Strike
2-1: Foul Ball, location: 2F
2-2: Strikes out swinging
Batting: RHB Randy Filkins 0-0: Called Strike
0-1: Foul Ball, location: 2F
0-2: Ball
1-2: Strikes out swinging
Top of the 1st over - 0 runs, 1 hit, 1 error, 2 left on base; Memphis 0 - San Antonio 0
BOTTOM OF THE 1ST
San Antonio Missions batting - Pitching for Memphis Blues : LHP Chris Reyes
Pitching: LHP Chris Reyes
Batting: RHB Ivan Calderon 0-0: Ground out 4-3 (Groundball, 4M, EV 83.8 MPH)
Batting: RHB Amos Lewis 0-0: Ball
1-0: Called Strike
1-1: Called Strike
1-2: Ball
2-2: Ball
3-2: Base on Balls
Batting: RHB Ed Hearn 0-0: Fly out, F1 (Popup, 15, EV 90.6 MPH)
Batting: RHB Larry Hamilton 0-0: Swinging Strike
0-1: SINGLE (Groundball, 6MD, EV 95.0 MPH)
Amos Lewis to second
Runner from 2nd tries for 3rd, SAFE, no throw by CF
Batting: LHB Lee Pruitt 0-0: Called Strike
0-1: Foul Ball, location: 2F
0-2: Ball
1-2: Ball
2-2: Strikes out looking
Bottom of the 1st over - 0 runs, 1 hit, 0 errors, 2 left on base; Memphis 0 - San Antonio 0
TOP OF THE 2ND
Memphis Blues batting - Pitching for San Antonio Missions : RHP Roger Clemens
Batting: LHB Don Jacoby 0-0: Swinging Strike
0-1: Foul Ball, location: 2F
0-2: Ball
1-2: Ball
2-2: Strikes out looking
Batting: RHB Dave Penniall 0-0: Called Strike
0-1: Swinging Strike
0-2: Ball
1-2: Foul Ball, location: 2F
1-2: Strikes out swinging
Batting: RHB Bradley Shames 0-0: Ball
1-0: Fly out, F7 (Flyball, 7, EV 98.1 MPH)
Top of the 2nd over - 0 runs, 0 hits, 0 errors, 0 left on base; Memphis 0 - San Antonio 0
BOTTOM OF THE 2ND
San Antonio Missions batting - Pitching for Memphis Blues : LHP Chris Reyes
Batting: RHB Jack Clark 0-0: Fly out, F7 (Flyball, 7LD, EV 98.8 MPH)
Batting: LHB Jerold Johnston 0-0: Ball
1-0: Foul Ball, location: 2F
1-1: Reached on error, E6 (Groundball, 6, EV 98.1 MPH)
Batting: LHB Matt Nokes 0-0: Swinging Strike
0-1: Grounds into double play, 6-4-3 (Groundball, 6, EV 83.8 MPH)
Bottom of the 2nd over - 0 runs, 0 hits, 1 error, 0 left on base; Memphis 0 - San Antonio 0
TOP OF THE 3RD
Memphis Blues batting - Pitching for San Antonio Missions : RHP Roger Clemens
Batting: RHB William Muth 0-0: Called Strike
0-1: Ground out 6-3 (Groundball, 6, EV 83.8 MPH)
Batting: RHB Mariano Duncan 0-0: Foul Ball, location: 2F
0-1: Called Strike
0-2: Ball
1-2: Ball
2-2: Foul Ball, location: 2F
2-2: Strikes out swinging, 2-3 out at first.
Batting: RHB Augustine Garrett 0-0: Ball
1-0: SOLO HOME RUN (Flyball, 7D, EV 101.9 MPH), Distance : 387 ft
Batting: LHB David Christianson 0-0: Ball
1-0: Foul Ball, location: 2F
1-1: Swinging Strike
1-2: Strikes out swinging
Top of the 3rd over - 1 run, 1 hit, 0 errors, 0 left on base; Memphis 1 - San Antonio 0
BOTTOM OF THE 3RD
San Antonio Missions batting - Pitching for Memphis Blues : LHP Chris Reyes
Batting: RHB Archie Amerson 0-0: Ground out 5-3 (Groundball, 25, EV 85.6 MPH)
Batting: RHB Ivan Calderon 0-0: Called Strike
0-1: Swinging Strike
0-2: SOLO HOME RUN (Line Drive, 7LD, EV 101.3 MPH), Distance : 358 ft
Batting: RHB Amos Lewis 0-0: Ball
1-0: Called Strike
1-1: Fly out, F6 (Flyball, 6D, EV 86.3 MPH)
Batting: RHB Ed Hearn 0-0: Ball
1-0: SINGLE (Groundball, 34D, EV 95.6 MPH)
Batting: RHB Larry Hamilton 0-0: SINGLE (Line Drive, 89S, EV 95.0 MPH)
Ed Hearn to second
Runner from 2nd tries for 3rd, SAFE, throw by RF made to third
Batting: LHB Lee Pruitt 0-0: Called Strike
0-1: Ball
1-1: Ball
2-1: Ball
3-1: Base on Balls
Larry Hamilton to second
Batting: RHB Jack Clark 0-0: Ball
1-0: Called Strike
1-1: Fielders Choice at 2nd, 6-4 (Groundball, 6, EV 93.1 MPH)
Bottom of the 3rd over - 1 run, 3 hits, 0 errors, 3 left on base; Memphis 1 - San Antonio 1
TOP OF THE 4TH
Memphis Blues batting - Pitching for San Antonio Missions : RHP Roger Clemens
Batting: RHB Chris James 0-0: Ground out 6-3 (Groundball, 4M, EV 86.9 MPH)
Batting: RHB Randy Filkins 0-0: Ball
1-0: Foul Ball, location: 2F
1-1: Foul Ball, location: 2F
1-2: Foul Ball, location: 2F
1-2: Foul Ball, location: 2F
1-2: Ball
2-2: Ball
3-2: Foul Ball, location: 2F
3-2: Foul Ball, location: 2F
3-2: Base on Balls
Batting: LHB Don Jacoby 0-0: Called Strike
0-1: Ball
1-1: Ball
2-1: Fly out, F8 (Flyball, 8RM, EV 85.6 MPH)
Batting: RHB Dave Penniall 0-0: Ball
1-0: Foul Ball, location: 2F
1-1: Ball
2-1: Swinging Strike
2-2: Strikes out swinging
Top of the 4th over - 0 runs, 0 hits, 0 errors, 1 left on base; Memphis 1 - San Antonio 1
BOTTOM OF THE 4TH
San Antonio Missions batting - Pitching for Memphis Blues : LHP Chris Reyes
Batting: LHB Jerold Johnston 0-0: Ball
1-0: Foul Ball, location: 2F
1-1: Swinging Strike
1-2: Fly out, F7 (Flyball, 7, EV 96.9 MPH)
Batting: LHB Matt Nokes 0-0: SINGLE (Line Drive, 6M, EV 97.5 MPH)
Batting: RHB Archie Amerson 0-0: Hit by Pitch
Matt Nokes to second
Batting: RHB Ivan Calderon 0-0: Ball
1-0: Ball
2-0: Ball
3-0: Called Strike
3-1: Base on Balls
Matt Nokes to third
Archie Amerson to second
Batting: RHB Amos Lewis 0-0: Ball
1-0: Ball
2-0: Called Strike
2-1: Foul Ball, location: 2F
2-2: Ball
3-2: Base on Balls
Matt Nokes scores
Archie Amerson to third
Ivan Calderon to second
Batting: RHB Ed Hearn 0-0: Ball
1-0: Ball
2-0: Called Strike
2-1: Ball
3-1: Base on Balls
Archie Amerson scores
Ivan Calderon to third
Amos Lewis to second
Batting: RHB Larry Hamilton 0-0: Foul Ball, location: 2F
0-1: Ball
1-1: Called Strike
1-2: Strikes out swinging
Batting: LHB Lee Pruitt 0-0: Called Strike
0-1: Ball
1-1: Foul Ball, location: 2F
1-2: Foul Ball, location: 2F
1-2: Strikes out looking
Bottom of the 4th over - 2 runs, 1 hit, 0 errors, 3 left on base; Memphis 1 - San Antonio 3
TOP OF THE 5TH
Memphis Blues batting - Pitching for San Antonio Missions : RHP Roger Clemens
Batting: RHB Bradley Shames 0-0: Called Strike
0-1: Ball
1-1: Ball
2-1: Foul Ball, location: 2F
2-2: Ground out U3 (Groundball, 34, EV 90.6 MPH)
Batting: RHB William Muth 0-0: Ball
1-0: Ball
2-0: Swinging Strike
2-1: Ball
3-1: Foul Ball, location: 2F
3-2: Foul Ball, location: 2F
3-2: Base on Balls
Batting: RHB Mariano Duncan 0-0: Foul Ball, location: 2F
0-1: Ball
1-1: Ball
2-1: Fly out, F8 (Flyball, 8LD, EV 88.1 MPH)
Batting: RHB Augustine Garrett 0-0: Called Strike
0-1: Ball
1-1: Called Strike
1-2: Ball
2-2: Strikes out swinging
Top of the 5th over - 0 runs, 0 hits, 0 errors, 1 left on base; Memphis 1 - San Antonio 3
BOTTOM OF THE 5TH
San Antonio Missions batting - Pitching for Memphis Blues : LHP Chris Reyes
Batting: RHB Jack Clark 0-0: Foul Ball, location: 2F
0-1: Swinging Strike
0-2: Ball
1-2: Ground out 5-3 (Groundball, 56S, EV 80.6 MPH)
Batting: LHB Jerold Johnston 0-0: Ball
1-0: Called Strike
1-1: Swinging Strike
1-2: Ball
2-2: Ball
3-2: Ground out 6-3 (Groundball, 6S, EV 89.4 MPH)
Batting: LHB Matt Nokes 0-0: Ground out 4-3 (Groundball, 4, EV 85.0 MPH)
Bottom of the 5th over - 0 runs, 0 hits, 0 errors, 0 left on base; Memphis 1 - San Antonio 3
TOP OF THE 6TH
Memphis Blues batting - Pitching for San Antonio Missions : RHP Roger Clemens
Batting: LHB David Christianson 0-0: Swinging Strike
0-1: Called Strike
0-2: Ball
1-2: Strikes out swinging
Batting: RHB Chris James 0-0: Fly out, F8 (Flyball, 89D, EV 111.3 MPH)
Batting: RHB Randy Filkins 0-0: Called Strike
0-1: Ball
1-1: SINGLE (Groundball, 5D, EV 100.0 MPH)
Batting: LHB Don Jacoby 0-0: Ball
1-0: Called Strike
1-1: Ball
2-1: Called Strike
2-2: Ball
3-2: Base on Balls
Randy Filkins to second
Pitching: RHP John Leavitt
Batting: RHB Dave Penniall 0-0: Ball
1-0: Fielders Choice at 2nd, 5-4 (Groundball, 56, EV 88.1 MPH)
Top of the 6th over - 0 runs, 1 hit, 0 errors, 2 left on base; Memphis 1 - San Antonio 3
BOTTOM OF THE 6TH
San Antonio Missions batting - Pitching for Memphis Blues : LHP Chris Reyes
Batting: RHB Archie Amerson 0-0: Swinging Strike
0-1: Swinging Strike
0-2: Ball
1-2: Ball
2-2: Foul Ball, location: 2F
2-2: DOUBLE (Groundball, 5L, EV 97.5 MPH)
Batting: RHB Ivan Calderon 0-0: Called Strike
0-1: Ball
1-1: Swinging Strike
1-2: Ball
2-2: Strikes out swinging
Batting: RHB Amos Lewis 0-0: Foul Ball, location: 2F
0-1: Foul Ball, location: 2F
0-2: Strikes out looking
Batting: RHB Ed Hearn 0-0: Ground out 5-3 (Groundball, 5, EV 86.3 MPH)
Bottom of the 6th over - 0 runs, 1 hit, 0 errors, 1 left on base; Memphis 1 - San Antonio 3
TOP OF THE 7TH
Memphis Blues batting - Pitching for San Antonio Missions : RHP John Leavitt
Batting: RHB Bradley Shames 0-0: Called Strike
0-1: SINGLE (Groundball, 34D, EV 96.9 MPH)
Batting: RHB William Muth 0-0: Fly out, F9 (Flyball, 89D, EV 91.9 MPH)
Batting: RHB Mariano Duncan 0-0: Swinging Strike
0-1: Swinging Strike
0-2: Ball
1-2: Fly out, F3 (Line Drive, 3, EV 71.9 MPH)
Batting: RHB Augustine Garrett 0-0: Swinging Strike
0-1: Foul Ball, location: 2F
0-2: Ball
1-2: Strikes out swinging
Top of the 7th over - 0 runs, 1 hit, 0 errors, 1 left on base; Memphis 1 - San Antonio 3
BOTTOM OF THE 7TH
San Antonio Missions batting - Pitching for Memphis Blues : LHP Chris Reyes
Batting: RHB Larry Hamilton 0-0: Called Strike
0-1: Called Strike
0-2: Foul Ball, location: 2F
0-2: Ball
1-2: Ball
2-2: Strikes out looking
Batting: LHB Lee Pruitt 0-0: Called Strike
0-1: Foul Ball, location: 2F
0-2: Ball
1-2: SINGLE (Flyball, 7S, EV 98.1 MPH)
Batting: RHB Jack Clark 0-0: Ball
1-0: Foul Ball, location: 2F
1-1: Called Strike
1-2: Fly out, F8 (Line Drive, 8LD, EV 91.9 MPH)
Batting: LHB Jerold Johnston 0-0: Called Strike
0-1: Called Strike
0-2: Ball
1-2: Ball
2-2: Strikes out looking
Bottom of the 7th over - 0 runs, 1 hit, 0 errors, 1 left on base; Memphis 1 - San Antonio 3
TOP OF THE 8TH
Memphis Blues batting - Pitching for San Antonio Missions : RHP John Leavitt
Batting: LHB David Christianson 0-0: Ball
1-0: Ball
2-0: Called Strike
2-1: Ball
3-1: Base on Balls
Batting: RHB Chris James 0-0: Foul Ball, location: 2F
0-1: Swinging Strike
0-2: Strikes out swinging
Batting: RHB Randy Filkins 0-0: Ball
1-0: Ball
2-0: Ball
3-0: Called Strike
3-1: Base on Balls
David Christianson to second
Pitching: RHP Miguel Hernandez
Batting: LHB Don Jacoby 0-0: Called Strike
0-1: Called Strike
0-2: Strikes out swinging
Batting: RHB Dave Penniall 0-0: Ball
1-0: Swinging Strike
1-1: Foul Ball, location: 2F
1-2: Foul Ball, location: 2F
1-2: 3-RUN HOME RUN (Flyball, 7D, EV 98.1 MPH), Distance : 371 ft
Batting: RHB Bradley Shames 0-0: Called Strike
0-1: Foul Ball, location: 2F
0-2: Foul Ball, location: 2F
0-2: Ball
1-2: Foul Ball, location: 2F
1-2: Ball
2-2: Ball
3-2: SINGLE (Line Drive, 7S, EV 94.4 MPH)
Batting: RHB William Muth 0-0: Ball
1-0: Swinging Strike
1-1: Foul Ball, location: 2F
1-2: Ball
2-2: Ground out 1-3 (Groundball, 15S, EV 70.6 MPH)
Top of the 8th over - 3 runs, 2 hits, 0 errors, 1 left on base; Memphis 4 - San Antonio 3
BOTTOM OF THE 8TH
San Antonio Missions batting - Pitching for Memphis Blues : LHP Chris Reyes
Batting: LHB Matt Nokes 0-0: Ball
1-0: Foul Ball, location: 2F
1-1: Ground out 4-3 (Groundball, 4S, EV 86.9 MPH)
Batting: RHB Archie Amerson 0-0: Called Strike
0-1: Ball
1-1: Ball
2-1: Ball
3-1: Fly out, F8 (Flyball, 8RD, EV 83.8 MPH)
Batting: RHB Ivan Calderon 0-0: Fly out, F7 (Flyball, 7LS, EV 88.1 MPH)
Bottom of the 8th over - 0 runs, 0 hits, 0 errors, 0 left on base; Memphis 4 - San Antonio 3
TOP OF THE 9TH
Memphis Blues batting - Pitching for San Antonio Missions : RHP Miguel Hernandez
Pitching: RHP James Herring
Batting: RHB Mariano Duncan 0-0: Ball
1-0: Swinging Strike
1-1: Called Strike
1-2: Foul Ball, location: 2F
1-2: Ball
2-2: Fly out, F9 (Flyball, 9S, EV 75.0 MPH)
Batting: RHB Augustine Garrett 0-0: Ground out 4-3 (Groundball, 4M, EV 85.0 MPH)
Batting: LHB David Christianson 0-0: Ball
1-0: Foul Ball, location: 2F
1-1: Called Strike
1-2: Strikes out swinging
Top of the 9th over - 0 runs, 0 hits, 0 errors, 0 left on base; Memphis 4 - San Antonio 3
BOTTOM OF THE 9TH
San Antonio Missions batting - Pitching for Memphis Blues : LHP Chris Reyes
Pitching: RHP Anthony Threatt
Batting: RHB Amos Lewis 0-0: Ball
1-0: Ball
2-0: Ball
3-0: Called Strike
3-1: Base on Balls
Batting: RHB Ed Hearn 0-0: Called Strike
0-1: Fielders Choice at 2nd, 6-4 (Groundball, 56, EV 85.6 MPH)
Pinch Runner at 1st Jose Moreno:
Batting: RHB Larry Hamilton 0-0: Called Strike
0-1: Called Strike
0-2: Strikes out swinging
Batting: LHB Lee Pruitt 0-0: Ball
1-0: Ball
2-0: Ball
3-0: Called Strike
3-1: Foul Ball, location: 2F
3-2: Strikes out swinging
Bottom of the 9th over - 0 runs, 0 hits, 0 errors, 1 left on base; Memphis 4 - San Antonio 3
Wednesday, August 19th, 2020 - OOTP Baseball 21.5 Build 76